 Dungeon Crawl Stone Soup version 0.30-a0-4-ga7cffc901d (webtiles) character file.

Game seed: 15884313265935602753

112 SensoryNuts the Chopper (level 4, -1/36 (38) HPs)
             Began as a Demonspawn Fighter on Aug 20, 2022.
             Slain by Crazy Yiuf
             ... wielding a +4 quarterstaff of chaos
              (7 damage)
             ... on level 3 of the Dungeon.
             The game lasted 00:02:44 (2701 turns).

SensoryNuts the Chopper (Demonspawn Fighter)        Turns: 2701, Time: 00:02:45

HP:   -1/36 (38)    AC: 13    Str: 15 (18) XL:     4   Next: 63%
MP:   4/4           EV:  4    Int:  7 (9)  God:
Gold: 232           SH:  4    Dex: 10 (13) Spells: 3/3 levels left

rFire   . . .      SeeInvis .    a - +1 war axe
rCold   . . .      Faith    .    c - +0 buckler
rNeg    . . .      Spirit   .    e - +1 plate armour
rPois   .          Reflect  .    (helmet restricted)
rElec   .          Harm     .    q - +0 cloak
rCorr   .          Rampage  .    (no gloves)
Will    .....                    (no boots)
Stlth   ..........               (no amulet)
HPRegen 0.12/turn                (no ring)
MPRegen 0.09/turn                (no ring)

@: lethally poisoned (-1 -> -11), slowed, drained, very slow
A: horns 1, deterioration 1, robust 1, subdued magic 1
a: no special abilities


You were on level 3 of the Dungeon.
You visited 1 branch of the dungeon, and saw 3 of its levels.

You collected 232 gold pieces.

Inventory:

Hand Weapons
 a - a +1 war axe (weapon)
Armour
 b - a +0 scale mail
 c - a +0 buckler (worn)
 e - a +1 plate armour (worn)
 q - a +0 cloak (worn)
Jewellery
 l - a ring of ice
Scrolls
 j - a scroll of teleportation
Potions
 d - a potion of might
 f - 3 potions of attraction
 g - a potion of brilliance
 h - a potion of heal wounds
 i - a potion of magic
 k - a potion of ambrosia
 m - a potion of curing
 n - a potion of cancellation {unknown}
 o - 2 potions of degeneration
 p - a potion of flight {unknown}
 r - a potion of lignification {unknown}


   Skills:
 + Level 3.4 Fighting
 * Level 3.6 Axes
 + Level 3.1 Armour
 + Level 2.9 Shields


You had 3 spell levels left.
You didn't know any spells.
Your spell library contained the following spells:

 Spells                   Type           Power      Damage    Failure   Level
 Sublimation of Blood     Necr           0%         N/A       100%        2
 Wereblood                Tmut           0%         N/A       100%        2
 Summon Hydra             Summ           0%         N/A       100%        7


Dungeon Overview and Level Annotations

Branches:
Dungeon (3/15)

Altars:
Kikubaaqudgha
Nemelex Xobeh

Annotations:
D:3 Crazy Yiuf


Innate Abilities, Weirdness & Mutations

You have a pair of small horns on your head.
Your body sometimes deteriorates upon taking damage.
You are robust. (+10% HP)
Your spells are a little easier to cast, but a little less powerful.


Message History

You kill the rat!
No target in view!
No target in view!
No target in view!
No target in view!
No target in view!
No target in view!
No target in view!
No target in view!
No target in view!
No target in view!
Key pressed, stopping explore.
Key pressed, stopping explore.
Found two stone staircases leading down.
You now have 232 gold pieces (gained 8).
You see here a +0 dagger of speed.
Could not explore, unopened runed door.
No reachable target in view!
No reachable target in view!
As you open the door, it creaks loudly!
You barely miss Crazy Yiuf.
Crazy Yiuf screams, "Liver eyeball return to song!"
Crazy Yiuf hits you with a +4 quarterstaff of chaos!
You feel yourself slow down.
You barely miss Crazy Yiuf. You block Crazy Yiuf's attack.
Crazy Yiuf hits you with a +4 quarterstaff of chaos.
You feel drained.
You hit Crazy Yiuf.
Crazy Yiuf is lightly wounded.
Crazy Yiuf hits you with a +4 quarterstaff of chaos!
You are lethally poisoned!
Crazy Yiuf hits you with a +4 quarterstaff of chaos.
You slash Crazy Yiuf!
You headbutt Crazy Yiuf, but do no damage.
Crazy Yiuf is heavily wounded.
* * * LOW HITPOINT WARNING * * *
You feel extremely sick.
Crazy Yiuf cries, "Pitchfork!
East song Hive."
Crazy Yiuf hits you with a +4 quarterstaff of chaos!
You die...

#.# #..... #.#
#..... #.# ###).#
###### #..# #.###
#... ########
#...# #.#.
##..P.#.### ###
#.#.###.#.
###......#..##...#
#.........
#.....P.####@g...#
###.#.###.
#####.#...P##
###..)# ###.#.###.
.....[#.#### ###
#...#.##..
#.......#
#####.#...
#.##..### #.#...
#.##..###### ###
#.....
#.##.......# #.#
###...
.....##########
##.###### #...
#.#### #.....#
#.......#####...


You could see Crazy Yiuf.

Vanquished Creatures
  Robin (D:2)
  2 adders (D:2)
  A worm (D:3)
  A dart slug (D:3)
  4 ball pythons
  10 endoplasms
  2 giant cockroaches
  8 hobgoblins
  2 jackals (D:2)
  6 quokkas
  6 bats
  4 frilled lizards
  11 goblins
  5 kobolds
  5 rats
68 creatures vanquished.

Notes
Turn   | Place    | Note
-------+----------+-------------------------------------------
     0 | D:1      | SensoryNuts the Demonspawn Fighter began the quest for the
                  | Orb.
     0 | D:1      | Reached XP level 1. HP: 18/18 MP: 1/1
   168 | D:1      | Gained mutation: You have a pair of small horns on your
                  | head. [demonic ancestry]
   168 | D:1      | Reached XP level 2. HP: 24/24 MP: 2/2
   923 | D:1      | Found a faded altar of an unknown god.
  1022 | D:2      | Reached XP level 3. HP: 29/29 MP: 3/3
  1167 | D:2      | Found an ancient bone altar of Kikubaaqudgha.
  1199 | D:2      | Noticed Robin
  1217 | D:2      | Reached XP level 4. HP: 23/35 MP: 4/4
  1222 | D:2      | Killed Robin
  1846 | D:2      | Gained mutation: Your spells are a little easier to cast,
                  | but a little less powerful. [potion of mutation]
  1846 | D:2      | Gained mutation: Your body sometimes deteriorates upon
                  | taking damage. [potion of mutation]
  1846 | D:2      | Gained mutation: You are robust. (+10% HP) [potion of
                  | mutation]
  2141 | D:3      | Found a sparkling altar of Nemelex Xobeh.
  2303 | D:3      | Found a runed translucent door.
  2304 | D:3      | Noticed Crazy Yiuf
  2701 | D:3      | Slain by Crazy Yiuf

Illustrated notes

Levels and vault maps discovered:
D:1:      lightli_arrival_windingriver, layout_basic,
          dreamdust_ecumenical_altar_angels_and_demons, minmay_split_cup_large
D:2:      layout_basic, basic_altar, minmay_distorted, uniq_robin
D:3:      wad_pebble_path, layout_loops_cross, nemelex_diamond_rough_becter,
          uniq_crazy_yiuf_cottage

Skill      XL: |  1  2  3 |
---------------+----------+-----
Axes           | 2 3 |  3.6
Armour         | 3 |  3.1
Fighting       | |  3.4
Shields        | |  2.9

Action                   |  1- 3 |  4- 6 || total
-------------------------+-------+-------++-------
Melee: War axe           |   100 |    63 ||   163
       Headbutt          |     9 |     8 ||    17
  Use: Scroll            |     3 |     3 ||     6
       Potion            |       |     7 ||     7
Armor: Plate armour      |    78 |    30 ||   108
Dodge: Dodged            |    14 |    16 ||    30
Block: Buckler           |    19 |    18 ||    37

Table legend: (Time is in decaauts)
 A = Elapsed time spent in this place.
 B = Non-inter-level travel time spent in this place.
 C = Inter-level travel time spent in this place.
 D = Time resting spent in this place.
 E = Time spent auto-exploring this place.
 F = Levels seen in this place.
 G = Mean time per level.
                   A        B        C        D        E       F      G
               +--------+--------+--------+--------+--------+-----+--------+
         Total |   2771 |   2715 |     56 |     61 |   2189 |   3 |  923.7 |
       Dungeon |   2771 |   2715 |     56 |     61 |   2189 |   3 |  923.7 |
               +--------+--------+--------+--------+--------+-----+--------+

Top non-repeatable levels by time:
     D:1: 1027 daAuts
     D:2: 953 daAuts
     D:3: 789 daAuts
